Map: Acropolis LE

Players

Sarevok - Winner!

  • Race: Zerg Zerg
  • League: Platinum
  • Spawn Location: 11:00

izi

  • Race: Terran Terran
  • League: Silver
  • Spawn Location: 5:00

VOD

Have the link to the VOD?

Description

Time

  • Played on: July 6, 2019, 5:22 p.m.
  • Length: 34:41
Show
View Real Time Build Order
Export as new Build Order

Sarevok Zerg - Winner!

Build Orders: Hatch First 

Get SALT Encoding   

  12  0:00  Drone  
  13  0:13  Overlord  
  13  0:16  Drone  
  14  0:31  Drone x2  
  16  0:50  Hatchery  
  15  0:57  Drone x2  
  17  1:12  Spawning Pool  
  17  1:16  Extractor  
  17  1:17  Drone  
  16  1:21  Drone  
  16  1:24  Drone  
  18  1:31  Overlord  
  18  1:42  Drone  
  19  2:00  Zergling x2  
  20  2:02  Zergling x2  
  20  2:04  Zergling x2  
  20  2:05  Queen  
  20  2:06  Queen  
  26  2:18  Metabolic Boost  
  26  2:20  Zergling x2  
  26  2:21  Zergling x2  
  28  2:30  Drone  
  28  2:33  Zergling x2  
  30  2:39  Drone  
  31  2:50  Zergling x2  
  31  2:51  Zergling x2  
  33  2:55  Drone, Extractor  
  33  3:06  Hatchery  
  33  3:11  Drone x2  
  33  3:12  Drone  
  35  3:15  Overlord  
  34  3:31  Zergling x2  
  34  3:32  Overlord x2  
  35  3:35  Zergling x2  
  35  3:37  Drone  
  35  3:38  Drone  
  38  3:47  Baneling Nest  
  31  4:16  Zergling x14  
  31  4:17  Zergling x6  
  39  4:25  Queen  
  39  4:27  Drone  
  42  4:42  Drone  
  42  4:43  Drone  
  42  4:44  Overlord  
  44  4:47  Drone x3  
  44  4:51  Drone x3  
  48  5:13  Lair  
  48  5:23  Roach Warren  
  48  5:25  Drone x6  
  48  5:27  Extractor  
  52  5:29  Extractor  
  52  5:30  Overlord x2  
  52  5:33  Zergling x2  
  53  5:35  Drone x2  
  54  5:53  Spore Crawler  
  54  5:55  Spore Crawler  
  50  6:00  Queen  
  50  6:02  Queen  
  42  6:18  Spore Crawler  
  34  6:19  Queen  
  36  6:31  Spore Crawler  
  30  6:49  Roach x4  
  30  6:50  Roach x2  
  42  6:55  Queen  
  44  7:09  Drone  
  44  7:10  Drone x4  
  47  7:21  Hatchery  
  46  7:32  Spire  
  46  7:34  Spore Crawler  
  44  7:39  Spore Crawler  
  44  7:40  Queen  
  44  7:41  Queen  
  38  8:14  Roach x6  
  38  8:15  Roach x4  
  56  8:26  Drone  
  57  8:28  Drone x3  
  57  8:33  Drone x4  
  64  8:39  Drone  
  61  8:53  Mutalisk x2  
  65  9:00  Extractor  
  64  9:07  Drone x4  
  64  9:08  Drone  
  52  9:25  Drone x5  
  49  9:41  Zergling x6  
  49  9:43  Drone, Zergling x6  
  49  9:44  Zergling x8  
  57  10:12  Spine Crawler  
  38  10:41  Queen  
  40  10:43  Zergling x8  
  40  10:45  Zergling x2  
  40  10:46  Zergling x4  
  45  10:57  Spire  
  45  10:58  Drone x3  
  45  10:59  Queen  
  39  11:17  Spore Crawler  
  36  11:19  Spore Crawler  
  36  11:21  Spore Crawler  
  36  11:24  Drone x2  
  34  11:34  Queen  
  34  11:35  Hatchery  
  34  12:00  Drone x2  
  34  12:01  Drone  
  37  12:04  Extractor  
  36  12:10  Queen  
  38  12:18  Drone  
  37  12:48  Corruptor  
  37  12:49  Corruptor, Mutalisk x2  
  37  12:50  Corruptor x2, Mutalisk x2  
  37  12:51  Corruptor  
  53  12:58  Mutalisk  
  57  13:14  Drone x3  
  48  13:41  Mutalisk  
  48  13:42  Mutalisk x5  
  60  13:58  Infestation Pit  
  59  14:05  Hatchery  
  58  14:11  Overseer  
  58  14:13  Drone x3  
  61  14:17  Drone  
  61  14:18  Drone  
  63  14:27  Drone x2  
  63  14:28  Drone  
  48  15:07  Mutalisk  
  48  15:08  Mutalisk x4  
  56  15:17  Drone x3  
  56  15:18  Extractor  
  56  15:20  Drone  
  55  15:23  Drone  
  55  15:26  Extractor  
  55  15:27  Drone x4  
  59  15:31  Extractor  
  59  15:32  Extractor, Mutalisk x2  
  61  15:41  Hatchery  
  60  15:55  Mutalisk x2  
  64  16:12  Zerg Flyer Weapons Level 1  
  64  16:17  Drone x3  
  67  16:18  Mutalisk  
  69  16:29  Zergling x8  
  73  17:21  Mutalisk  
  73  17:22  Corruptor x3  
  75  17:23  Corruptor, Mutalisk  
  75  17:27  Zergling x2  
  82  17:49  Mutalisk x3  
  82  17:57  Mutalisk  
  84  17:59  Zergling x4  
  86  18:08  Drone x4  
  90  18:19  Burrow  
  90  18:20  Drone x3  
  90  18:23  Drone x3  
  90  18:24  Corruptor, Mutalisk x2  
  100  19:10  Overlord x5  
  100  19:11  Overlord  
  100  19:18  Hatchery  
  98  19:36  Zergling x8  
  98  19:37  Zergling x20  
  110  19:48  Zergling x8  
  114  19:58  Drone  
  115  20:31  Drone x3  
  115  20:35  Drone  
  119  20:40  Infestor x3  
  119  20:41  Infestor x2, Zergling x6  
  119  20:42  Zergling x8  
  136  20:45  Extractor  
  135  21:10  Zerg Flyer Armor Level 1  
  135  21:14  Drone x3  
  138  21:20  Extractor  
  138  21:21  Zergling x8  
  130  22:09  Drone x3  
  122  22:28  Evolution Chamber  
  120  22:30  Zergling x4  
  120  22:31  Zergling x6  
  120  22:32  Evolution Chamber  
  124  23:04  Zerg Flyer Weapons Level 2  
  124  23:09  Hive  
  124  23:10  Neural Parasite  
  124  23:13  Zergling x6  
  124  23:14  Zergling x6  
  124  23:16  Mutalisk x6  
  124  23:17  Mutalisk x6  
  144  24:53  Zerg Melee Weapons Level 1  
  144  24:54  Zerg Ground Armor Level 1  
  144  24:55  Mutalisk x5  
  144  24:57  Zergling x2  
  131  25:16  Mutalisk x2  
  131  25:17  Mutalisk x8  
  131  25:18  Mutalisk  
  138  25:32  Zergling x6  
  138  25:33  Zergling x12  
  138  26:12  Adrenal Glands  
  116  27:47  Drone x3  
  116  27:48  Queen  
  121  27:54  Overlord x2  
  121  27:55  Overlord  
  121  28:04  Swarm Host  
  121  28:05  Swarm Host x4  
  130  28:06  Swarm Host x6  
  154  28:24  Queen, Drone x3  
  159  29:22  Zergling x2  
  159  29:23  Zergling x14  
  159  29:24  Zergling x16  
  170  29:25  Zergling x2  
  153  30:28  Zergling x4  
  153  30:29  Zergling x12  
  153  30:30  Zergling x12  
  153  30:31  Zergling x2  
  168  31:20  Zergling x10  
  168  31:21  Zergling x10  
  168  31:22  Zergling x4  
  180  31:35  Overlord  
  180  31:36  Overlord x6  
  159  32:11  Mutalisk x4  
  159  32:12  Mutalisk x7  
  159  32:13  Mutalisk x4  
  131  33:11  Mutalisk x5  
  131  33:12  Mutalisk x7  
  135  33:13  Mutalisk x3  
  131  33:28  Mutalisk x2  
  131  33:29  Mutalisk x3  
  139  33:52  Zergling x8  
  139  33:53  Zergling x12  
Show
View Real Time Build Order
Export as new Build Order

izi Terran 

Build Orders:  

Get SALT Encoding   

  12  0:01  SCV  
  13  0:17  Supply Depot  
  13  0:18  SCV  
  14  0:26  Refinery  
  14  0:30  SCV  
  15  0:42  Barracks  
  15  0:46  SCV  
  16  1:00  SCV  
  17  1:12  SCV  
  18  1:32  Command Center  
  18  1:36  SCV  
  18  1:38  Marine  
  20  1:49  Factory  
  20  2:02  Supply Depot  
  20  2:08  Orbital Command  
  20  2:12  Marine  
  21  2:30  Marine  
  21  2:35  Refinery  
  21  2:36  SCV  
  23  2:46  Factory Tech Lab  
  23  2:48  Starport  
  23  2:59  Marine  
  23  3:00  SCV  
  24  3:14  Siege Tank  
  24  3:16  Marine, SCV  
  29  3:28  SCV  
  29  3:34  Marine, Fusion Core  
  30  3:38  Starport Tech Lab  
  31  3:52  Marine  
  32  4:31  Marine  
  32  4:34  SCV  
  32  4:36  Battlecruiser  
  40  4:46  SCV  
  40  4:48  Refinery  
  40  4:49  Marine  
  42  4:58  SCV  
  43  5:17  Siege Tank  
  46  5:23  Supply Depot  
  46  5:28  Refinery  
  46  5:29  Orbital Command  
  46  5:44  Marine  
  47  5:50  Weapon Refit  
  47  6:02  Marine  
  44  6:41  Battlecruiser  
  50  6:59  Orbital Command  
  50  7:18  Siege Tank, Marine  
  54  7:32  Supply Depot  
  54  7:53  Marine, SCV  
  56  8:05  SCV  
  56  8:11  Marine  
  56  8:14  Refinery  
  56  8:21  SCV  
  56  8:24  SCV  
  58  8:30  Siege Tank  
  58  8:33  SCV  
  62  8:34  Supply Depot  
  62  8:39  Supply Depot  
  62  8:43  SCV  
  61  8:56  Battlecruiser  
  61  9:02  Siege Tank  
  69  9:26  Marine  
  69  9:44  Marine  
  67  10:02  Marine  
  55  10:33  Siege Tank, Marine  
  59  10:37  Battlecruiser  
  59  10:39  SCV  
  59  10:40  SCV  
  67  10:51  Marine, SCV  
  67  10:52  SCV  
  70  11:03  SCV  
  72  11:04  SCV  
  69  11:16  Siege Tank, SCV  
  69  11:18  Marine  
  68  11:36  Marine  
  69  12:04  Orbital Command  
  69  12:14  Marine  
  70  12:31  Marine  
  70  12:32  SCV  
  72  12:39  Refinery  
  72  12:42  Refinery  
  72  12:44  SCV  
  72  12:47  Supply Depot  
  73  12:56  SCV  
  74  13:08  SCV  
  75  13:20  SCV  
  76  13:32  SCV  
  71  13:59  Engineering Bay  
  71  14:01  Barracks  
  71  14:02  Marine  
  72  14:05  Siege Tank  
  72  14:06  SCV  
  76  14:18  SCV  
  76  14:19  Armory, Marine  
  78  14:32  Supply Depot  
  77  14:39  Command Center  
  61  15:26  SCV  
  62  15:34  Barracks Reactor  
  62  15:40  Starport  
  62  15:43  Barracks Reactor  
  62  15:52  Supply Depot  
  62  16:35  Starport  
  53  16:53  Viking x2  
  51  17:12  Missile Turret x2  
  51  17:15  Missile Turret, SCV  
  52  17:17  Missile Turret  
  52  17:27  SCV  
  52  17:28  Missile Turret  
  52  17:29  Missile Turret  
  53  17:31  Missile Turret  
  53  17:32  Missile Turret  
  53  17:33  Missile Turret  
  51  17:54  Missile Turret  
  51  17:57  Missile Turret  
  47  17:59  Missile Turret  
  47  18:01  Missile Turret  
  47  18:02  Missile Turret  
  47  18:06  Missile Turret  
  47  18:08  Missile Turret  
  47  18:16  Missile Turret x2  
  47  18:23  Missile Turret  
  47  18:27  Viking x2  
  47  18:28  Battlecruiser  
  47  18:29  Viking x2  
  57  18:57  Viking  
  59  19:15  Viking x2  
  59  19:17  Viking  
  65  19:27  Viking  
  67  19:42  Fusion Core  
  67  19:45  Viking x2  
  71  19:46  Viking  
  71  19:52  Viking  
  75  19:57  Viking  
  77  20:14  SCV  
  78  20:26  SCV  
  79  20:29  SCV  
  79  20:31  SCV  
  81  20:38  SCV  
  81  20:41  SCV  
  83  20:43  SCV  
  83  20:46  Missile Turret  
  84  20:50  Missile Turret, SCV  
  84  20:52  Viking x2, Missile Turret  
  84  20:53  Missile Turret, SCV  
  84  20:55  SCV  
  91  21:01  Supply Depot  
  91  21:05  SCV  
  92  21:16  Planetary Fortress  
  92  21:20  Missile Turret  
  92  21:22  Missile Turret, Battlecruiser  
  98  21:30  Missile Turret  
  98  21:31  Missile Turret  
  98  21:34  SCV  
  99  21:46  SCV  
  100  21:56  Orbital Command  
  100  21:58  SCV  
  95  22:06  Viking  
  95  22:07  Viking  
  99  22:11  Viking  
  100  22:16  Viking  
  95  22:29  SCV  
  96  22:41  SCV  
  97  22:46  SCV  
  97  22:51  Refinery  
  98  22:55  Refinery  
  98  22:57  SCV  
  98  22:58  SCV  
  100  23:04  Supply Depot  
  100  23:07  Marine  
  101  23:18  Terran Ship Weapons Level 1  
  101  23:23  Supply Depot  
  101  23:25  Siege Tank, Marine, SCV  
  107  23:34  Sensor Tower  
  107  23:37  SCV  
  107  23:43  Marine  
  108  23:50  SCV  
  108  23:57  Siege Tank  
  111  24:05  Sensor Tower  
  109  24:44  Supply Depot  
  109  24:46  Supply Depot  
  60  25:29  Viking  
  60  25:30  Viking  
  60  25:31  Viking  
  60  25:32  Viking x2  
  70  25:38  SCV  
  71  25:43  Supply Depot  
  71  25:51  SCV  
  72  25:59  Viking  
  72  26:00  Viking  
  72  26:01  Viking  
  72  26:02  Viking x2  
  72  26:03  SCV  
  83  26:09  Orbital Command  
  78  26:32  Viking  
  78  26:37  Viking x2  
  78  26:38  Viking x2  
  84  27:16  Viking x2  
  68  27:42  Viking x2  
  72  27:57  SCV  
  73  28:03  Missile Turret  
  73  28:20  Missile Turret  
  73  28:23  Command Center  
  72  28:43  Viking  
  72  28:44  Viking  
  72  28:45  Viking  
  72  28:46  Viking  
  79  29:15  Missile Turret  
  79  29:38  SCV  
  79  29:45  Viking x2  
  82  29:48  Marine  
  82  29:52  Missile Turret  
  84  30:18  Missile Turret  
  84  30:31  Command Center  
  84  30:47  Missile Turret  
  83  31:22  SCV  
  84  31:26  Supply Depot  
  84  31:27  Barracks Reactor  
  84  31:34  SCV  
  79  32:10  Marine x2  
  71  32:28  Marine x2, Command Center  
  33  33:50  Orbital Command  
  33  34:13  Missile Turret  
  33  34:29  Armory  
Tags
 
Add a new tag
Caveats
  • Supply blocks, unpowered buildings, or Contaminate may cause inaccurate times.
  • Supply counts are checked every 10 seconds.